 Dungeon Crawl Stone Soup version 0.29.1-2-gbd0b4ee654 (webtiles) character file.

Game seed: 12940876700994029231

477 Tirrikindir the Slasher (level 7, -1/47 HPs)
             Began as an Octopode Fighter on Oct 29, 2022.
             Was a Believer of Okawaru.
             Slain by an orc wizard
             ... wielding a +0 dagger
              (4 damage)
             ... on level 5 of the Dungeon.
             The game lasted 00:09:54 (4427 turns).

Tirrikindir the Slasher (Octopode Fighter)          Turns: 4427, Time: 00:09:55

Health: -1/47      AC:  1    Str: 16    XL:     7   Next: 11%
Magic:  6/8        EV: 16    Int: 10    God:    Okawaru [**....]
Gold:   215        SH:  0    Dex: 13    Spells: 6/6 levels left

rFire   + . .      SeeInvis .   a - +0 long sword
rCold   . . .      Faith    .   b - +1 buckler
rNeg    . . .      Spirit   .   (helmet restricted)
rPois   .          Reflect  +   d - amulet of reflection
rElec   .          Harm     .   m - ring of protection from fire
rCorr   .          Rampage  .   (no ring)
Will    .....                   (no ring)
Stlth   +++.......              (no ring)
HPRegen 0.15/turn               (no ring)
MPRegen 0.11/turn               (no ring)
                                (no ring)
                                (no ring)

@: confused, heroic
A: almost no armour, amphibious, 8 rings, camouflage 1, gelatinous body 1,
(nimble swimmer 1), tentacles
a: Renounce Religion, Heroism


You were on level 5 of the Dungeon.
You worshipped Okawaru.
Okawaru was pleased with you.
You visited 1 branch of the dungeon, and saw 5 of its levels.

You collected 215 gold pieces.

Inventory:

Hand Weapons
 a - a +0 long sword (weapon)
Missiles
 i - 9 poisoned darts (quivered)
Armour
 b - a +1 buckler (worn)
Jewellery
 d - an amulet of reflection (around mantle)
 m - a ring of protection from fire (left tentacle)
Scrolls
 j - 2 scrolls of enchant armour
 k - a scroll of fear {unknown}
 n - a scroll of enchant weapon {unknown}
 p - a scroll of poison {unknown}
 q - a scroll of noise {unknown}
 r - a scroll of magic mapping {unknown}
 s - a scroll of silence {unknown}
Potions
 c - a potion of might
 e - 4 potions of curing
 f - a potion of degeneration {unknown}
 g - 2 potions of heal wounds
 h - 2 potions of mutation {unknown}
 l - a potion of invisibility {unknown}
 o - a potion of flight {unknown}


   Skills:
 + Level 3.9(8.9) Fighting
 * Level 4.2(9.2) Long Blades
 + Level 1.6(6.6) Throwing
 - Level 4.0(9.0) Dodging
 + Level 3.4(8.4) Stealth
 + Level 3.8(8.8) Shields
 + Level 2.3 Invocations


You had 6 spell levels left.
You didn't know any spells.
Your spell library contained the following spells:

 Spells                   Type           Power      Damage    Failure   Level
 Ensorcelled Hibernation  Hex/Ice        0%         N/A       56%         2
 Passwall                 Tmut/Erth      0%         N/A       56%         2
 Swiftness                Air            0%         N/A       80%         3
 Corpse Rot               Necr/Pois/Air  0%         N/A       99%         4
 Dispel Undead            Necr           0%         3d6       99%         4
 Death Channel            Necr           Unusable   N/A       N/A         6

Dungeon Overview and Level Annotations

Branches:
Dungeon (5/15)
 Temple: D:4-7

Altars:
Ashenzari
Okawaru
Sif Muna
The Shining One


Innate Abilities, Weirdness & Mutations

You cannot wear most types of armour.
You are amphibious.
You can wear up to eight rings at the same time.
Your skin changes colour to match your surroundings (Stealth+).
Your rubbery body absorbs attacks. (AC +1, EV +1)
((You are camouflaged when in or above water. (Stealth+)))
You have tentacles for arms and can constrict up to eight enemies at once.


Message History

The magic dart hits you.
You gain the combat prowess of a mighty hero.
You block the orc's attack. Something barely misses you.
The orc barely misses you.
You hear some strange, mumbled words.
A puff of flame appears from out of thin air!
The puff of flame hits you. You resist.
* * * LOW HITPOINT WARNING * * *
There is an open door, spattered with blood here.
You closely miss something. The orc completely misses you.
You block something's attack. You block the orc's attack.
You hear some strange, mumbled words.
A puff of flame appears from out of thin air!
The puff of flame hits you. You resist.
* * * LOW HITPOINT WARNING * * *
You miss something. Your squeeze misses something. You block the orc's attack.
Something hits you.
* * * LOW HITPOINT WARNING * * *
You hear some strange, mumbled words.
You are confused.
The orc hits you with a +0 dagger.
* * * LOW HITPOINT WARNING * * *
You feel much better. Something hits you.
You hear some strange, mumbled words.
Something tries to affect you, but you resist.
The orc closely misses you. x2
You barely miss something. You tentacle-slap something. Something hits you. x2
The orc hits you with a +0 flail!
* * * LOW HITPOINT WARNING * * *
The orc misses you.
Unknown command.
You closely miss something.
You bump into the rock wall.
The orc hits you with a +0 flail.
* * * LOW HITPOINT WARNING * * *
Something hits you.
* * * LOW HITPOINT WARNING * * *
The orc hits you with a +0 dagger.
* * * LOW HITPOINT WARNING * * *
Something hits you.
You die...

#..........# ..
#..........# ###
#.....##...# ...
#.....##...##...
.########........
........#...##...
........'...# ##
........#).{#
........###@#
........#.o{o.....#
........#.........#
.########...#######
....# ##...# ....#
#....#


You could see 2 orcs.

Vanquished Creatures
  An ogre (D:4)
  A hound (D:4)
  A jelly (D:2)
  Jessica (D:2)
  9 adders
  11 gnolls
  4 worms
  3 dart slugs
  6 orcs
  4 endoplasms
  4 giant cockroaches
  10 goblins
  8 hobgoblins
  7 jackals
  3 quokkas
  10 ball pythons
  5 bats
  2 frilled lizards (D:2)
  4 kobolds
  9 rats
103 creatures vanquished.

Notes
Turn   | Place    | Note
-------+----------+-------------------------------------------
     0 | D:1      | Tirrikindir the Octopode Fighter began the quest for the
                  | Orb.
     0 | D:1      | Reached XP level 1. HP: 16/16 MP: 1/1
   274 | D:1      | Reached XP level 2. HP: 21/21 MP: 2/2
   379 | D:1      | Found a faded altar of an unknown god.
   382 | D:1      | Prayed at the altar of an unknown god.
   382 | D:1      | Became a worshipper of Warmaster Okawaru
   382 | D:1      | Reached * piety under Okawaru
   468 | D:1      | Reached skill level 1 in Stealth
   771 | D:1      | Reached XP level 3. HP: 25/26 MP: 3/3
  1514 | D:2      | Reached XP level 4. HP: 31/31 MP: 4/4
  1526 | D:2      | Reached skill level 1 in Invocations
  1734 | D:2      | Reached XP level 5. HP: 12/36 MP: 5/5
  2525 | D:2      | Noticed Jessica
  2532 | D:2      | Killed Jessica
  2533 | D:2      | Reached skill level 1 in Throwing
  2757 | D:3      | Reached XP level 6. HP: 42/42 MP: 7/7
  2896 | D:3      | Found a shimmering blue altar of Sif Muna.
  3181 | D:3      | Found a glowing golden altar of the Shining One.
  3648 | D:4      | Found a broken altar of Ashenzari.
  4264 | D:4      | Reached ** piety under Okawaru
  4265 | D:4      | Reached XP level 7. HP: 47/47 MP: 8/8
  4384 | D:5      | Entered Level 5 of the Dungeon
  4427 | D:5      | Slain by an orc wizard

Illustrated notes

Levels and vault maps discovered:
D:1:      saegor_arrival_miasma, layout_loops_ring,
          hellmonk_ecumenical_altar_defaced_shrine, st_stairs_14,
          reono_crystal_passage, minmay_small_reverse_x
D:2:      layout_basic, hangedman_decor_riveting, uniq_jessica
D:3:      layout_loops_cross, lemuel_crystal_altar,
          mainiacjoe_overflow_six_doors_small, wad_rectangle_vault
D:4:      layout_basic, ashenzari_conservatory_becter
D:5:      minmay_opposing_rooms, layout_gridville, overflow_temple_1_default,
          vehumet_altar_wand_db, uniq_grinder

Skill      XL: |  1  2  3  4  5  6 |
---------------+-------------------+-----
Stealth        | 1 2 3 |  3.4
Long Blades    | 3 4 |  4.2
Invocations    | 1 2 |  2.3
Throwing       | 1 |  1.6
Dodging        | 4 |  4.0
Fighting       | |  3.9
Shields        | |  3.8

Action                   |  1- 3 |  4- 6 |  7- 9 || total
-------------------------+-------+-------+-------++-------
Melee: Long sword        |    70 |   134 |    13 ||   217
       Constrict         |    23 |    30 |       ||    53
       Tentacles         |    16 |    31 |       ||    47
       Punch             |     1 |     1 |     1 ||     3
Throw: Dart              |     3 |    20 |       ||    23
Invok: Heroism           |     1 |     2 |     1 ||     4
  Use: Scroll            |     2 |     1 |       ||     3
       Potion            |       |     3 |     1 ||     4
 Stab: Sleeping          |     9 |     8 |       ||    17
Armor: Skin              |     4 |    29 |     1 ||    34
Dodge: Dodged            |    39 |    61 |    14 ||   114
Block: Buckler           |    15 |    58 |     6 ||    79
